Map: Pillars of Gold LE

Players

Future - Winner!

  • Race: Terran Terran
  • Spawn Location: 7:00

Asuna

  • Race: Protoss Protoss
  • League: Master
  • Spawn Location: 1:00

Event: DreamHack SC2 Masters 2020 Fall

VOD

Have the link to the VOD?

Description

Time

  • Played on: Sept. 1, 2020, 5:26 p.m.
  • Length: 8:59

All games in this series

Show
View Real Time Build Order
Export as new Build Order

Future Terran - Winner!

Build Orders: Reaper Expand 

Get SALT Encoding   

  12  0:00  SCV  
  13  0:13  SCV  
  14  0:17  Supply Depot  
  14  0:25  SCV  
  15  0:39  SCV  
  15  0:40  Barracks  
  16  0:45  Refinery  
  16  0:51  SCV  
  17  1:03  SCV  
  18  1:15  SCV  
  19  1:27  Orbital Command  
  19  1:28  Reaper  
  20  1:44  Command Center  
  20  1:53  SCV  
  21  1:56  Supply Depot  
  21  2:01  Marine  
  21  2:08  SCV  
  23  2:12  Factory  
  23  2:19  Marine  
  23  2:20  SCV  
  25  2:25  Bunker  
  25  2:32  SCV  
  25  2:33  Refinery  
  26  2:38  Barracks Reactor  
  27  2:44  SCV  
  27  2:56  SCV  
  27  2:57  Orbital Command  
  30  3:06  Hellion  
  30  3:07  Starport  
  30  3:08  SCV  
  31  3:15  Marine x2  
  33  3:20  SCV  
  33  3:23  SCV  
  35  3:28  Factory Tech Lab  
  35  3:32  SCV  
  35  3:33  Marine x2  
  38  3:35  SCV  
  38  3:36  Barracks  
  39  3:44  SCV  
  39  3:47  Barracks, SCV  
  41  3:51  Raven  
  41  3:53  Supply Depot  
  43  3:57  SCV  
  43  3:59  SCV  
  43  4:01  Factory Tech Lab  
  45  4:05  Supply Depot  
  45  4:08  Marine  
  46  4:14  Marine  
  46  4:15  SCV x2  
  46  4:27  SCV x2  
  46  4:28  Engineering Bay  
  46  4:29  Refinery  
  46  4:30  Factory Tech Lab  
  48  4:32  Stimpack  
  48  4:34  Marine x2  
  50  4:39  SCV  
  50  4:42  SCV  
  52  4:45  Starport Reactor  
  52  4:46  Supply Depot, Marine  
  52  4:47  Marine  
  52  4:51  SCV  
  52  4:52  Marine x2  
  57  4:54  SCV, Terran Infantry Weapons Level 1, Supply Depot  
  57  4:59  Refinery  
  58  5:03  SCV  
  58  5:04  Marine x2  
  58  5:06  SCV  
  62  5:08  Siege Tank  
  62  5:09  Marine  
  62  5:12  Combat Shield  
  66  5:17  SCV, Supply Depot  
  66  5:18  SCV  
  67  5:24  Marine x3  
  67  5:27  Marine  
  70  5:32  SCV  
  72  5:39  Supply Depot  
  72  5:40  Siege Tank  
  72  5:42  Supply Depot, Marine x3  
  77  5:46  Medivac x2  
  81  5:52  Missile Turret x2  
  81  6:00  Missile Turret, Marauder  
  81  6:01  Marauder, Marine  
  81  6:03  Marine  
  87  6:06  Supply Depot  
  87  6:10  Supply Depot  
  87  6:18  Siege Tank  
  90  6:19  Concussive Shells  
  90  6:21  Marine x2  
  90  6:22  Marauder x2  
  96  6:38  Medivac x2  
  96  6:39  Marine  
  101  6:40  Marine  
  101  6:44  Marine  
  101  6:45  Command Center  
  101  6:57  Marauder  
  101  6:59  Marine x2  
  101  7:01  Siege Tank  
  108  7:02  Marauder  
  108  7:08  Medivac  
  106  7:20  Barracks  
  106  7:21  Barracks, Marauder, Marine x2  
  110  7:24  Marauder  
  110  7:27  SCV  
  110  7:28  SCV, Supply Depot  
  114  7:31  Supply Depot  
  114  7:39  SCV  
  114  7:40  Marine x2  
  114  7:41  SCV  
  115  7:51  SCV  
  115  7:53  SCV  
  115  7:55  Viking  
  115  7:56  Viking  
  114  8:03  SCV  
  114  8:04  Marauder x2  
  114  8:05  SCV  
  117  8:10  Orbital Command  
  114  8:15  SCV  
  114  8:17  Barracks Tech Lab, SCV, Barracks Reactor  
  116  8:22  Marine  
  116  8:25  Marauder  
  116  8:26  Marauder  
  121  8:27  SCV  
  121  8:28  Armory  
  121  8:29  SCV  
  121  8:30  Engineering Bay  
  119  8:39  SCV  
  119  8:41  SCV x2  
  112  8:43  Refinery  
  112  8:44  Refinery  
Show
View Real Time Build Order
Export as new Build Order

Asuna Protoss 

Build Orders: 1 Gate Expand, Phoenix Opening, Colossus Rush 

Get SALT Encoding   

  12  0:00  Probe  
  13  0:12  Probe  
  14  0:20  Pylon  
  14  0:24  Probe  
  15  0:38  Gateway, Probe (Chrono Boost)  
  16  0:48  Assimilator, Probe (Chrono Boost)  
  17  0:53  Probe (Chrono Boost)  
  18  1:04  Probe  
  19  1:17  Probe  
  20  1:26  Cybernetics Core  
  20  1:38  Nexus  
  20  1:39  Probe  
  21  1:46  Pylon  
  21  1:52  Probe  
  22  1:55  Assimilator  
  22  2:01  Adept (Chrono Boost)  
  24  2:10  Shield Battery  
  24  2:20  Warp Gate, Probe  
  24  2:22  Adept (Chrono Boost)  
  27  2:32  Probe  
  28  2:43  Stargate  
  28  2:44  Probe (Chrono Boost)  
  28  2:46  Adept  
  31  2:57  Probe (Chrono Boost)  
  32  3:00  Probe (Chrono Boost)  
  32  3:05  Probe (Chrono Boost)  
  34  3:06  Probe (Chrono Boost)  
  33  3:14  Robotics Facility  
  33  3:17  Probe  
  33  3:18  Probe  
  35  3:25  Phoenix (Chrono Boost)  
  37  3:29  Probe  
  37  3:30  Probe  
  39  3:37  Gateway  
  39  3:41  Phoenix (Chrono Boost)  
  39  3:42  Probe  
  39  3:45  Probe  
  43  3:54  Assimilator, Probe  
  44  3:58  Probe  
  44  4:00  Pylon  
  45  4:04  Observer  
  45  4:07  Assimilator, Pylon  
  46  4:18  Probe x2  
  46  4:23  Phoenix  
  50  4:30  Probe x2  
  52  4:38  Robotics Bay  
  52  4:42  Pylon, Probe x2  
  52  4:43  Observer  
  55  4:54  Probe x2  
  55  4:55  Phoenix (Chrono Boost)  
  55  4:57  Zealot, Pylon  
  61  5:00  Pylon  
  61  5:06  Probe x2  
  63  5:12  Zealot  
  65  5:15  Phoenix (Chrono Boost)  
  65  5:18  Probe x2  
  69  5:27  Colossus (Chrono Boost)  
  67  5:28  Observer  
  67  5:30  Probe x2  
  67  5:35  Phoenix  
  77  5:40  Gateway  
  77  5:44  Probe  
  77  5:45  Probe  
  77  5:46  Pylon  
  79  5:56  Extended Thermal Lance (Chrono Boost)  
  79  6:01  Sentry x2  
  79  6:02  Nexus  
  79  6:04  Pylon  
  83  6:17  Gateway  
  83  6:21  Pylon  
  89  6:34  Zealot x2  
  89  6:36  Pylon  
  89  6:37  Phoenix  
  95  6:41  Zealot  
  97  6:58  Zealot  
  97  6:59  Zealot  
  95  7:06  Robotics Facility  
  81  7:09  Robotics Facility, Zealot  
  81  7:12  Zealot  
  75  7:19  Shield Battery  
  75  7:22  Zealot, Shield Battery  
  75  7:23  Pylon  
  75  7:26  Phoenix  
  79  7:38  Zealot x2  
  83  7:51  Phoenix (Chrono Boost), Gateway  
  80  7:54  Gateway  
  80  7:58  Zealot x2  
  74  8:02  Zealot  
  86  8:11  Shield Battery  
  76  8:14  Phoenix (Chrono Boost)  
  76  8:15  Shield Battery x2  
  76  8:23  Zealot x3  
  74  8:31  Phoenix  
  54  8:44  Zealot x3  

Tags
 
Add a new tag
Caveats
  • Supply blocks, unpowered buildings, or Contaminate may cause inaccurate times.
  • Supply counts are checked every 10 seconds.